Flyers vs Lightning

Created - Thursday, April 14, 2016 at 00:35

Goals
1 2 3 T
Flyers 0 1 0 1
Lightning 2 1 1 4
Shots
1 2 3 T
Flyers 8 12 13 33
Lightning 13 6 8 27

1st period

1. Lightning , Ryan Nugent-Hopkins 1 (Alexander Steen) at 3:31 (PP)
2. Lightning , Ryan Strome 1 (Dmitry Kulikov, Marc Methot) at 8:19 (PP)

Penalties :
Corey Perry (Phi) for Interference (Minor) at 2:01, Nate Thompson (Phi) for Interference (Minor) at 3:58, Chris Kreider (Phi) for Slashing (Minor) at 7:09, Gabriel Landeskog (Phi) for Tripping (Minor) at 19:00

2nd period

3. Lightning , Patric Hornqvist 1 (Alexander Steen, Ryan Nugent-Hopkins) at 0:04 (PP)
4. Flyers , Taylor Hall 1 (Chris Phillips, Justin Faulk) at 8:12

Penalties :
Gabriel Landeskog (Phi) for Hooking (Minor) at 19:41

3rd period

5. Lightning , Patric Hornqvist 2 (Alexander Steen) at 11:08 (PP)

Penalties :
Ryan Strome (TB ) for Interference (Minor) at 1:12, Brent Seabrook (Phi) for Roughing (Minor) at 9:45, Niklas Kronwall (Phi) for Tripping (Minor) at 12:15, Chris Phillips (Phi) for Holding Stick (Minor) at 13:14

Goalie Stats

Corey Crawford (Phi), 23 saves from 27 shots - (0.852), L, 0-1-0, 60:00 minutes
Carey Price (TB ), 32 saves from 33 shots - (0.970), W, 1-0-0, 60:00 minutes

Players Stats for Flyers

Player Name              G  A  P  +/- PIM S  H  SB GA TA FO     MP     PP MP  PK MP  
------------------------------------------------------------------------------------
Barret Jackman           0  0  0   1  0   0  0  0  0  2  0/0    14:05   0:00   2:49 
Brent Seabrook           0  0  0   0  2   0  0  0  0  2  0/0    19:42   0:19   5:15 
Bryan Little             0  0  0   0  0   4  0  1  2  1  12/25  22:48   0:46   8:49 
Chris Kreider            0  0  0   1  2   1  0  0  1  0  0/0    16:44   0:00   0:00 
Chris Phillips           0  1  1   1  2   0  2  2  0  0  0/0    15:17   0:00   3:50 
Corey Perry              0  0  0   0  2   3  4  0  3  0  0/0    16:16   0:45   0:00 
Evgeni Malkin            0  0  0   0  0   7  0  0  0  2  8/14   16:17   0:45   0:00 
Gabriel Landeskog        0  0  0   0  4   0  1  0  0  0  0/1    16:21   1:09   1:48 
Jakub Voracek            0  0  0   0  0   2  0  0  0  0  0/0    15:26   0:22   0:00 
Jay McClement            0  0  0   0  0   0  0  0  0  0  3/7    11:37   0:00   1:47 
Justin Faulk             0  1  1   0  0   0  1  2  1  1  0/0    16:16   0:26   0:00 
Kyle Okposo              0  0  0   0  0   6  0  0  1  0  2/2    13:36   0:46   0:00 
Nate Thompson            0  0  0   0  2   0  1  0  0  0  0/0    10:58   0:00   0:59 
Niklas Kronwall          0  0  0   0  2   1  2  1  1  2  0/0    20:17   0:00   4:28 
P.K. Subban              0  0  0   0  0   5  2  1  1  0  0/0    26:28   0:45   6:14 
Riley Nash               0  0  0   1  0   1  0  0  0  2  5/6    16:32   0:00   7:50 
Slava Voynov             0  0  0   0  0   1  1  0  0  0  0/0     7:57   0:46   1:30 
Taylor Hall              1  0  1   1  0   2  1  0  4  0  0/0    10:12   0:46   0:00 

Players Stats for Lightning

Player Name              G  A  P  +/- PIM S  H  SB GA TA FO     MP     PP MP  PK MP  
------------------------------------------------------------------------------------
Alex Chiasson            0  0  0  -1  0   0  0  1  1  1  0/0    10:01   0:00   0:00 
Alexander Steen          0  3  3   0  0   0  0  1  3  1  0/0    19:48   6:00   0:26 
Ben Smith                0  0  0   0  0   0  1  0  0  0  0/0     9:52   0:00   0:00 
Brandon Dubinsky         0  0  0   0  0   1  0  1  3  0  6/12   19:29   5:35   0:15 
Derek MacKenzie          0  0  0   0  0   0  2  0  0  0  3/8    10:57   0:00   1:05 
Dmitry Kulikov           0  1  1   0  0   1  0  0  0  1  0/0    21:28   4:12   1:28 
Jiri Tlusty              0  0  0  -1  0   1  1  0  0  1  1/2    10:01   0:00   0:00 
John Mitchell            0  0  0  -1  0   1  1  1  0  0  1/5    10:01   0:00   0:00 
Marc Methot              0  1  1   0  0   1  1  0  0  0  0/0    21:28   4:12   1:28 
Matt Calvert             0  0  0   0  0   4  1  1  1  0  0/0    10:57   0:00   1:05 
Michael Stone            0  0  0  -1  0   1  0  0  0  2  0/0    15:43   0:00   0:00 
Ondrej Palat             0  0  0   0  0   3  1  1  5  0  1/2    19:14   5:35   0:00 
Patric Hornqvist         2  0  2   0  0   4  2  0  3  0  1/3    18:54   6:00   0:00 
Roman Polak              0  0  0  -1  0   2  0  1  0  1  0/0    15:52   0:00   0:03 
Ryan Nugent-Hopkins      1  1  2   0  0   3  4  0  1  0  12/22  19:33   6:00   0:11 
Ryan Strome              1  0  1   0  2   5  2  0  1  0  0/1    19:13   5:34   0:00 
Ryan Suter               0  0  0   0  0   0  1  0  2  1  0/0    22:49   7:23   0:03 
Tyson Barrie             0  0  0   0  0   0  1  4  1  1  0/0    22:40   7:23   0:00 

3 Stars

1 - Patric Hornqvist (TB )
2 - Carey Price (TB )
3 - Ryan Nugent-Hopkins (TB )

Power Play

Flyers - 0 on 1 Attempt(s) - 0.00%
Lightning - 4 on 8 Attempt(s) - 50.00%

Penalty Kill

Flyers - 4 on 8 Attempt(s) - 50.00% - Score 0 goal in Penalty Kill
Lightning - 1 on 1 Attempt(s) - 100.00% - Score 0 goal in Penalty Kill

Team Stat

Flyers - Hits : 15 - Faceoff Wins : 30 - Blocked Shots : 7 - Penalty Minutes : 16
Lightning - Hits : 18 - Faceoff Wins : 25 - Blocked Shots : 11 - Penalty Minutes : 2

Official

Referees : Unknown
Linesman : Unknown

Game Notes

No Game Note

Finance

Level 1 -- Attendance: 4485 (74.75%) -- Ticket Income $448,500
Level 2 -- Attendance: 3634 (72.68%) -- Ticket Income $272,550
Level 3 -- Attendance: 1207 (60.35%) -- Ticket Income $57,936
Level 4 -- Attendance: 2677 (66.93%) -- Ticket Income $66,925
Luxury Box -- Attendance: 654 (65.40%) -- Ticket Income $163,500
Game was played at the St. Pete Times Forum.
Total Attendance: 12657 (70.32%)
Total Ticket Income: $1,009,411
Other Income: $494,611
Total Income: $1,504,022

Flyers

5 vs 5 Forward 
   Center                   Left Wing                Right Wing               Time % Phy DF OF 
 1 Evgeni Malkin            Jakub Voracek            Corey Perry              37     0   0  5  
 2 Bryan Little             Gabriel Landeskog        Kyle Okposo              36     0   2  3  
 3 Riley Nash               Taylor Hall              Chris Kreider            15     0   3  2  
 4 Jay McClement            Chris Kreider            Nate Thompson            12     0   4  1  

5 vs 5 Defense 
   Defense                  Defense                                           Time % Phy DF OF 
 1 P.K. Subban              Brent Seabrook                                    35     0   1  4  
 2 Niklas Kronwall          Justin Faulk                                      30     0   1  4  
 3 Chris Phillips           Barret Jackman                                    18     1   4  0  
 4 Slava Voynov             P.K. Subban                                       17     0   0  5  

PowerPlay Forward 
   Center                   Left Wing                Right Wing               Time % Phy DF OF 
 1 Evgeni Malkin            Jakub Voracek            Corey Perry              60     0   0  5  
 2 Bryan Little             Taylor Hall              Kyle Okposo              40     0   0  5  

PowerPlay Defense
   Defense                  Defense                                           Time % Phy DF OF 
 1 P.K. Subban              Justin Faulk                                      60     0   0  5  
 2 Gabriel Landeskog        Slava Voynov                                      40     0   0  5  

Penalty Kill 4 Players Forward 
   Center                   Wing                     Time % Phy DF OF 
 1 Bryan Little             Riley Nash               60     0   4  1  
 2 Nate Thompson            Gabriel Landeskog        40     0   5  0  

Penalty Kill 4 Players Defense
   Defense                  Defense                  Time % Phy DF OF 
 1 P.K. Subban              Brent Seabrook           60     0   5  0  
 2 Niklas Kronwall          Chris Phillips           40     0   5  0  

Penalty Kill - 3 Players Forward 
   Forward                                           Time % Phy DF OF 
 1 Bryan Little                                      60     0   5  0  
 2 Nate Thompson                                     40     0   5  0  

Penalty Kill - 3 Players Defense
   Defense                  Defense                  Time % Phy DF OF 
 1 P.K. Subban              Brent Seabrook           60     0   5  0  
 2 Niklas Kronwall          Barret Jackman           40     0   5  0  

4 vs 4 Forward 
   Center                   Wing                     Time % Phy DF OF 
 1 Evgeni Malkin            Corey Perry              60     0   0  5  
 2 Bryan Little             Gabriel Landeskog        40     0   3  2  

4 vs 4 Defense
   Defense                  Defense                  Time % Phy DF OF 
 1 P.K. Subban              Brent Seabrook           60     0   0  5  
 2 Slava Voynov             Justin Faulk             40     0   1  4  

Last Minutes Offensive
   Center                   Left Wing                Right Wing               Defense                  Defense                  
   Bryan Little             Evgeni Malkin            Kyle Okposo              P.K. Subban              Justin Faulk             

Last Minutes Defensive
   Center                   Left Wing                Right Wing               Defense                  Defense                  
   Bryan Little             Gabriel Landeskog        Riley Nash               P.K. Subban              Brent Seabrook           

Goaltenders
Starting : Corey Crawford           
Backup : Darcy Kuemper            

Extra Forwards
Normal : Taylor Hall, Chris Kreider, Riley Nash - PP : Chris Kreider, Riley Nash - PK : Jay McClement
Extra Defensemen
Normal : Slava Voynov, Chris Phillips, Barret Jackman - PP : Chris Phillips - PK : Barret Jackman, Slava Voynov
Penalty Shots
Evgeni Malkin, Corey Perry, Kyle Okposo, Bryan Little, Taylor Hall

Lightning

5 vs 5 Forward 
   Center                   Left Wing                Right Wing               Time % Phy DF OF 
 1 Ryan Nugent-Hopkins      Alexander Steen          Patric Hornqvist         35     0   2  3  
 2 Brandon Dubinsky         Ondrej Palat             Ryan Strome              35     1   2  2  
 3 John Mitchell            Jiri Tlusty              Alex Chiasson            15     1   2  2  
 4 Derek MacKenzie          Matt Calvert             Ben Smith                15     1   3  1  

5 vs 5 Defense 
   Defense                  Defense                                           Time % Phy DF OF 
 1 Ryan Suter               Tyson Barrie                                      34     1   2  2  
 2 Dmitry Kulikov           Marc Methot                                       33     1   2  2  
 3 Roman Polak              Michael Stone                                     33     1   2  2  
 4 Ryan Suter               Tyson Barrie                                      0      1   2  2  

PowerPlay Forward 
   Center                   Left Wing                Right Wing               Time % Phy DF OF 
 1 Ryan Nugent-Hopkins      Alexander Steen          Patric Hornqvist         50     0   1  4  
 2 Brandon Dubinsky         Ondrej Palat             Ryan Strome              50     0   1  4  

PowerPlay Defense
   Defense                  Defense                                           Time % Phy DF OF 
 1 Ryan Suter               Tyson Barrie                                      60     1   2  2  
 2 Dmitry Kulikov           Marc Methot                                       40     1   2  2  

Penalty Kill 4 Players Forward 
   Center                   Wing                     Time % Phy DF OF 
 1 Derek MacKenzie          Matt Calvert             50     1   4  0  
 2 Brandon Dubinsky         Alexander Steen          50     1   4  0  

Penalty Kill 4 Players Defense
   Defense                  Defense                  Time % Phy DF OF 
 1 Dmitry Kulikov           Roman Polak              50     1   4  0  
 2 Ryan Suter               Marc Methot              50     1   4  0  

Penalty Kill - 3 Players Forward 
   Forward                                           Time % Phy DF OF 
 1 Derek MacKenzie                                   50     1   4  0  
 2 Brandon Dubinsky                                  50     1   4  0  

Penalty Kill - 3 Players Defense
   Defense                  Defense                  Time % Phy DF OF 
 1 Dmitry Kulikov           Roman Polak              50     1   4  0  
 2 Ryan Suter               Marc Methot              50     1   4  0  

4 vs 4 Forward 
   Center                   Wing                     Time % Phy DF OF 
 1 Ryan Nugent-Hopkins      Alexander Steen          50     0   2  3  
 2 Brandon Dubinsky         Ondrej Palat             50     1   2  2  

4 vs 4 Defense
   Defense                  Defense                  Time % Phy DF OF 
 1 Ryan Suter               Tyson Barrie             50     1   2  2  
 2 Dmitry Kulikov           Marc Methot              50     1   2  2  

Last Minutes Offensive
   Center                   Left Wing                Right Wing               Defense                  Defense                  
   Ryan Nugent-Hopkins      Alexander Steen          Patric Hornqvist         Ryan Suter               Tyson Barrie             

Last Minutes Defensive
   Center                   Left Wing                Right Wing               Defense                  Defense                  
   Brandon Dubinsky         Alexander Steen          Ben Smith                Ryan Suter               Roman Polak              

Goaltenders
Starting : Carey Price              
Backup : Mike Smith               

Extra Forwards
Normal : Alexander Steen, Ryan Nugent-Hopkins, Ondrej Palat - PP : Alexander Steen, Ryan Nugent-Hopkins - PK : Brandon Dubinsky
Extra Defensemen
Normal : Ryan Suter, Dmitry Kulikov, Marc Methot - PP : Ryan Suter - PK : Roman Polak, Ryan Suter
Penalty Shots
Alexander Steen, Derek MacKenzie, Ryan Strome, Patric Hornqvist, Ben Smith

% Time on Ice - Flyers

Lines # - Real PCT - Wanted PCT - Time Play
Normal Forward
1 - 33% - 37% - 15:27
2 - 28% - 36% - 12:50
3 - 18% - 15% - 8:19
4 - 21% - 12% - 9:50
Normal Defense
1 - 29% - 35% - 13:41
2 - 35% - 30% - 16:11
3 - 24% - 18% - 11:14
4 - 11% - 17% - 5:20
PP Forward
1 - 49% - 60% - 0:45
2 - 51% - 40% - 0:46
PP Defense
1 - 49% - 60% - 0:45
2 - 51% - 40% - 0:46
PK Forward
1 - 83% - 60% - 8:47
2 - 17% - 40% - 1:48
PK Defense
1 - 54% - 60% - 5:45
2 - 46% - 40% - 4:50
PK3 Forward
1 - 100% - 60% - 1:00
2 - 0% - 40% - 0:00
PK3 Defense
1 - 48% - 60% - 0:29
2 - 52% - 40% - 0:31
44 Forward
1 - 100% - 60% - 0:28
2 - 0% - 40% - 0:00
44 Defense
1 - 100% - 60% - 0:28
2 - 0% - 40% - 0:00
Last Minute Offensive  - 0:00
Last Minute Defensive  - 0:00
Total
Forward - 60:00
Defense - 60:00

% Time on Ice - Lightning

Lines # - Real PCT - Wanted PCT - Time Play
Normal Forward
1 - 28% - 35% - 12:54
2 - 29% - 35% - 13:39
3 - 22% - 15% - 10:01
4 - 21% - 15% - 9:52
Normal Defense
1 - 33% - 34% - 15:23
2 - 33% - 33% - 15:20
3 - 34% - 33% - 15:43
4 - 0% - 0% - 0:00
PP Forward
1 - 52% - 50% - 6:00
2 - 48% - 50% - 5:35
PP Defense
1 - 64% - 60% - 7:23
2 - 36% - 40% - 4:12
PK Forward
1 - 84% - 50% - 1:16
2 - 16% - 50% - 0:15
PK Defense
1 - 3% - 50% - 0:03
2 - 97% - 50% - 1:28
PK3 Forward
1 - 0% - 50%
2 - 0% - 50%
PK3 Defense
1 - 0% - 50%
2 - 0% - 50%
44 Forward
1 - 100% - 50% - 0:28
2 - 0% - 50% - 0:00
44 Defense
1 - 0% - 50% - 0:00
2 - 100% - 50% - 0:28
Last Minute Offensive  - 0:00
Last Minute Defensive  - 0:00
Total
Forward - 60:00
Defense - 60:00

Play by Play

1st period


0:01 of 1st period - Evgeni Malkin wins face-off versus Ryan Nugent-Hopkins in neutral zone.
0:10 of 1st period - Snap shot by Patric Hornqvist.
0:10 of 1st period - Stopped by Corey Crawford without a rebound.
0:11 of 1st period - Evgeni Malkin wins face-off versus Ryan Nugent-Hopkins in Flyers zone.
0:26 of 1st period - Wrist shot by Ryan Nugent-Hopkins.
0:26 of 1st period - Stopped by Corey Crawford without a rebound.
0:27 of 1st period - Brandon Dubinsky wins face-off versus Gabriel Landeskog in Flyers zone.
0:34 of 1st period - Snap shot by Ryan Strome.
0:34 of 1st period - Shot Misses the Net.
0:54 of 1st period - Snap shot by Ryan Strome.
0:54 of 1st period - Deflect By Brandon Dubinsky.
0:54 of 1st period - Stopped by Corey Crawford without a rebound.
0:55 of 1st period - Riley Nash wins face-off versus Jiri Tlusty in Flyers zone.
1:22 of 1st period - Icing by Roman Polak.
1:23 of 1st period - Evgeni Malkin wins face-off versus John Mitchell in Lightning zone.
1:28 of 1st period - Wrist shot by Evgeni Malkin.
1:28 of 1st period - Stopped by Carey Price without a rebound.
1:29 of 1st period - Evgeni Malkin wins face-off versus Derek MacKenzie in Lightning zone.
2:01 of 1st period - Minor Penalty to Corey Perry for Interference.
2:02 of 1st period - Ryan Nugent-Hopkins wins face-off versus Bryan Little in Flyers zone.
3:27 of 1st period - Off-side.
3:28 of 1st period - Ryan Nugent-Hopkins wins face-off versus Bryan Little in neutral zone.
3:31 of 1st period - Slapshot by Ryan Nugent-Hopkins.
3:31 of 1st period - Goal by Ryan Nugent-Hopkins - Flyers : 0 - Lightning : 1.
3:32 of 1st period - Ryan Nugent-Hopkins wins face-off versus Jay McClement in neutral zone.
3:58 of 1st period - Minor Penalty to Nate Thompson for Interference.
3:59 of 1st period - Brandon Dubinsky wins face-off versus Bryan Little in Flyers zone.
4:01 of 1st period - Snap shot by Ondrej Palat.
4:01 of 1st period - Deflect By Ryan Strome.
4:01 of 1st period - Stopped by Corey Crawford with a rebound.
5:39 of 1st period - Slapshot by Chris Phillips.
5:39 of 1st period - Deflect By Bryan Little.
5:39 of 1st period - Shot Blocked by Alexander Steen.
5:39 of 1st period - Puck is out of play.
5:40 of 1st period - Ryan Nugent-Hopkins wins face-off versus Bryan Little in Lightning zone.
5:58 of 1st period - Penalty to Nate Thompson is over, Nate Thompson is back on ice.
6:03 of 1st period - Ryan Suter is hit by Nate Thompson and loses puck.
6:16 of 1st period - Ryan Suter is hit by P.K. Subban and loses puck.
6:39 of 1st period - Slapshot by Evgeni Malkin.
6:39 of 1st period - Stopped by Carey Price without a rebound.
6:40 of 1st period - Jay McClement wins face-off versus Derek MacKenzie in Lightning zone.
6:45 of 1st period - Wrist shot by Chris Kreider.
6:45 of 1st period - Shot Hit the Post.
7:09 of 1st period - Minor Penalty to Chris Kreider for Slashing.
7:10 of 1st period - Bryan Little wins face-off versus Brandon Dubinsky in Flyers zone.
7:45 of 1st period - Snap shot by Bryan Little.
7:45 of 1st period - Stopped by Carey Price with a rebound.
7:55 of 1st period - Nate Thompson is hit by Ryan Suter and loses puck.
8:06 of 1st period - Niklas Kronwall is hit by Ryan Strome and loses puck.
8:15 of 1st period - Backhand shot by Brandon Dubinsky.
8:15 of 1st period - Shot Misses the Net.
8:17 of 1st period - Slapshot by Marc Methot.
8:17 of 1st period - Shot Blocked by Niklas Kronwall.
8:19 of 1st period - Slapshot by Dmitry Kulikov.
8:19 of 1st period - Deflect By Ryan Strome.
8:19 of 1st period - Goal by Ryan Strome - Flyers : 0 - Lightning : 2.
8:20 of 1st period - Jiri Tlusty wins face-off versus Evgeni Malkin in neutral zone.
8:22 of 1st period - Off-side.
8:23 of 1st period - John Mitchell wins face-off versus Evgeni Malkin in neutral zone.
8:44 of 1st period - Wrist shot by Jiri Tlusty.
8:44 of 1st period - Stopped by Corey Crawford with a rebound.
8:46 of 1st period - Slapshot by Marc Methot.
8:46 of 1st period - Stopped by Corey Crawford with a rebound.
8:48 of 1st period - Slapshot by Dmitry Kulikov.
8:48 of 1st period - Deflect By John Mitchell.
8:48 of 1st period - Stopped by Corey Crawford without a rebound.
8:49 of 1st period - Ryan Nugent-Hopkins wins face-off versus Bryan Little in Flyers zone.
9:42 of 1st period - Brandon Dubinsky is hit by Justin Faulk.
9:57 of 1st period - Brandon Dubinsky is hit by Taylor Hall.
10:51 of 1st period - P.K. Subban is hit by Jiri Tlusty.
11:14 of 1st period - Wrist shot by Evgeni Malkin.
11:14 of 1st period - Shot Blocked by Matt Calvert.
11:56 of 1st period - Chris Phillips is hit by Patric Hornqvist and loses puck.
13:18 of 1st period - Snap shot by Kyle Okposo.
13:18 of 1st period - Stopped by Carey Price with a rebound.
13:20 of 1st period - Wrist shot by Bryan Little.
13:20 of 1st period - Deflect By Kyle Okposo.
13:20 of 1st period - Stopped by Carey Price without a rebound.
13:21 of 1st period - Bryan Little wins face-off versus John Mitchell in Lightning zone.
13:28 of 1st period - Snap shot by Kyle Okposo.
13:28 of 1st period - Deflect By Gabriel Landeskog.
13:28 of 1st period - Shot Blocked by Alex Chiasson.
13:28 of 1st period - Puck is out of play.
13:29 of 1st period - Kyle Okposo wins face-off versus John Mitchell in Lightning zone.
15:06 of 1st period - Snap shot by Matt Calvert.
15:06 of 1st period - Stopped by Corey Crawford with a rebound.
15:16 of 1st period - Ben Smith is hit by Chris Phillips and loses puck.
15:27 of 1st period - Chris Kreider is hit by Ben Smith and loses puck.
16:29 of 1st period - Bryan Little is hit by John Mitchell and loses puck.
16:56 of 1st period - Slapshot by Corey Perry.
16:56 of 1st period - Stopped by Carey Price without a rebound.
16:57 of 1st period - Ryan Nugent-Hopkins wins face-off versus Evgeni Malkin in Lightning zone.
17:06 of 1st period - Wrist shot by Patric Hornqvist.
17:06 of 1st period - Deflect By Corey Perry.
17:06 of 1st period - Shot Blocked by Chris Phillips.
17:06 of 1st period - Puck is out of play.
17:07 of 1st period - Evgeni Malkin wins face-off versus Ryan Nugent-Hopkins in Flyers zone.
18:01 of 1st period - Wrist shot by Ondrej Palat.
18:01 of 1st period - Stopped by Corey Crawford without a rebound.
18:02 of 1st period - Kyle Okposo wins face-off versus Brandon Dubinsky in Flyers zone.
18:11 of 1st period - Wrist shot by Gabriel Landeskog.
18:11 of 1st period - Deflect By Kyle Okposo.
18:11 of 1st period - Stopped by Carey Price without a rebound.
18:12 of 1st period - Bryan Little wins face-off versus Derek MacKenzie in Lightning zone.
18:13 of 1st period - Snap shot by Kyle Okposo.
18:13 of 1st period - Stopped by Carey Price with a rebound.
18:27 of 1st period - Slapshot by Dmitry Kulikov.
18:27 of 1st period - Shot Misses the Net.
18:29 of 1st period - Slapshot by Dmitry Kulikov.
18:29 of 1st period - Stopped by Corey Crawford with a rebound.
18:31 of 1st period - Slapshot by Dmitry Kulikov.
18:31 of 1st period - Shot Blocked by P.K. Subban.
18:33 of 1st period - Slapshot by Ben Smith.
18:33 of 1st period - Shot Misses the Net.
18:35 of 1st period - Snap shot by Matt Calvert.
18:35 of 1st period - Stopped by Corey Crawford with a rebound.
18:53 of 1st period - P.K. Subban is hit by Derek MacKenzie and loses puck.
19:00 of 1st period - Minor Penalty to Gabriel Landeskog for Tripping.
19:01 of 1st period - Riley Nash wins face-off versus Patric Hornqvist in Flyers zone.
19:12 of 1st period - Niklas Kronwall is hit by Ryan Nugent-Hopkins and loses puck.
19:25 of 1st period - Wrist shot by Patric Hornqvist.
19:25 of 1st period - Shot Misses the Net.
19:27 of 1st period - Slapshot by Ryan Suter.
19:27 of 1st period - Shot Blocked by Chris Phillips.
19:53 of 1st period - Bryan Little is hit by Ryan Strome and loses puck.
Goals for this period are 0 for Flyers vs 2 for Lightning.
Shots for this period are 8 for Flyers vs 13 for Lightning.

2nd period


0:01 of 2nd period - Ryan Nugent-Hopkins wins face-off versus Bryan Little in neutral zone.
0:04 of 2nd period - Snap shot by Patric Hornqvist.
0:04 of 2nd period - Goal by Patric Hornqvist - Flyers : 0 - Lightning : 3.
0:05 of 2nd period - Ondrej Palat wins face-off versus Bryan Little in neutral zone.
0:36 of 2nd period - Wrist shot by Brandon Dubinsky.
0:36 of 2nd period - Shot Misses the Net.
0:58 of 2nd period - Roman Polak is hit by Corey Perry and loses puck.
1:05 of 2nd period - Slapshot by Jakub Voracek.
1:05 of 2nd period - Shot Misses the Net.
1:09 of 2nd period - Wrist shot by Evgeni Malkin.
1:09 of 2nd period - Shot Misses the Net.
1:11 of 2nd period - Slapshot by Niklas Kronwall.
1:11 of 2nd period - Shot Misses the Net.
1:13 of 2nd period - Backhand shot by Evgeni Malkin.
1:13 of 2nd period - Stopped by Carey Price with a rebound.
1:15 of 2nd period - Slapshot by Justin Faulk.
1:15 of 2nd period - Shot Misses the Net.
1:17 of 2nd period - Snap shot by Niklas Kronwall.
1:17 of 2nd period - Shot Misses the Net.
1:19 of 2nd period - Backhand shot by Evgeni Malkin.
1:19 of 2nd period - Stopped by Carey Price without a rebound.
1:20 of 2nd period - Derek MacKenzie wins face-off versus Riley Nash in Lightning zone.
2:19 of 2nd period - Alex Chiasson is hit by Corey Perry and loses puck.
2:30 of 2nd period - Slapshot by Jakub Voracek.
2:30 of 2nd period - Shot Blocked by John Mitchell.
2:34 of 2nd period - Slapshot by Evgeni Malkin.
2:34 of 2nd period - Deflect By Corey Perry.
2:34 of 2nd period - Stopped by Carey Price with a rebound.
2:44 of 2nd period - Jiri Tlusty is hit by Slava Voynov and loses puck.
3:07 of 2nd period - Wrist shot by Bryan Little.
3:07 of 2nd period - Stopped by Carey Price with a rebound.
3:09 of 2nd period - Snap shot by Bryan Little.
3:09 of 2nd period - Shot Blocked by Tyson Barrie.
4:29 of 2nd period - Wrist shot by Bryan Little.
4:29 of 2nd period - Shot Misses the Net.
4:31 of 2nd period - Wrist shot by Bryan Little.
4:31 of 2nd period - Stopped by Carey Price with a rebound.
5:02 of 2nd period - Snap shot by Alexander Steen.
5:02 of 2nd period - Shot Misses the Net.
5:08 of 2nd period - Snap shot by Patric Hornqvist.
5:08 of 2nd period - Shot Misses the Net.
5:10 of 2nd period - Slapshot by Roman Polak.
5:10 of 2nd period - Stopped by Corey Crawford with a rebound.
5:12 of 2nd period - Wrist shot by Michael Stone.
5:12 of 2nd period - Stopped by Corey Crawford with a rebound.
5:14 of 2nd period - Snap shot by Roman Polak.
5:14 of 2nd period - Stopped by Corey Crawford with a rebound.
7:09 of 2nd period - Snap shot by Corey Perry.
7:09 of 2nd period - Shot Blocked by Tyson Barrie.
8:08 of 2nd period - Slapshot by Taylor Hall.
8:08 of 2nd period - Shot Misses the Net.
8:10 of 2nd period - Slapshot by Chris Phillips.
8:10 of 2nd period - Shot Blocked by Roman Polak.
8:12 of 2nd period - Wrist shot by Taylor Hall.
8:12 of 2nd period - Goal by Taylor Hall - Flyers : 1 - Lightning : 3.
8:13 of 2nd period - Brandon Dubinsky wins face-off versus Jay McClement in neutral zone.
8:49 of 2nd period - Snap shot by Evgeni Malkin.
8:49 of 2nd period - Shot Misses the Net.
8:51 of 2nd period - Wrist shot by Corey Perry.
8:51 of 2nd period - Stopped by Carey Price with a rebound.
9:12 of 2nd period - Brandon Dubinsky is hit by Gabriel Landeskog and loses puck.
9:39 of 2nd period - Snap shot by Taylor Hall.
9:39 of 2nd period - Stopped by Carey Price without a rebound.
9:40 of 2nd period - Riley Nash wins face-off versus Ryan Nugent-Hopkins in Lightning zone.
10:54 of 2nd period - Justin Faulk is hit by Matt Calvert and loses puck.
11:10 of 2nd period - Icing by Bryan Little.
11:11 of 2nd period - Bryan Little wins face-off versus John Mitchell in Flyers zone.
11:40 of 2nd period - Snap shot by Jiri Tlusty.
11:40 of 2nd period - Shot Misses the Net.
12:04 of 2nd period - P.K. Subban is hit by Marc Methot and loses puck.
12:17 of 2nd period - Wrist shot by Evgeni Malkin.
12:17 of 2nd period - Deflect By Ryan Nugent-Hopkins.
12:17 of 2nd period - Shot Misses the Net.
12:17 of 2nd period - Puck is out of play.
12:18 of 2nd period - Brandon Dubinsky wins face-off versus Evgeni Malkin in Lightning zone.
12:49 of 2nd period - Slapshot by P.K. Subban.
12:49 of 2nd period - Shot Blocked by Ondrej Palat.
13:25 of 2nd period - Snap shot by Jakub Voracek.
13:25 of 2nd period - Stopped by Carey Price with a rebound.
13:59 of 2nd period - Ben Smith is hit by Chris Phillips and loses puck.
14:27 of 2nd period - Snap shot by Kyle Okposo.
14:27 of 2nd period - Stopped by Carey Price with a rebound.
14:29 of 2nd period - Slapshot by P.K. Subban.
14:29 of 2nd period - Stopped by Carey Price with a rebound.
15:33 of 2nd period - Slapshot by Alexander Steen.
15:33 of 2nd period - Shot Hit the Post.
15:35 of 2nd period - Slapshot by Tyson Barrie.
15:35 of 2nd period - Shot Misses the Net.
15:37 of 2nd period - Slapshot by Ryan Suter.
15:37 of 2nd period - Deflect By Patric Hornqvist.
15:37 of 2nd period - Stopped by Corey Crawford without a rebound.
15:38 of 2nd period - Bryan Little wins face-off versus Patric Hornqvist in Flyers zone.
16:24 of 2nd period - Snap shot by Ryan Strome.
16:24 of 2nd period - Stopped by Corey Crawford without a rebound.
16:25 of 2nd period - Riley Nash wins face-off versus Brandon Dubinsky in Flyers zone.
16:25 of 2nd period - Riley Nash is hit by Ondrej Palat.
16:45 of 2nd period - Snap shot by Brandon Dubinsky.
16:45 of 2nd period - Shot Misses the Net.
16:47 of 2nd period - Slapshot by Dmitry Kulikov.
16:47 of 2nd period - Shot Blocked by Bryan Little.
16:49 of 2nd period - Slapshot by Marc Methot.
16:49 of 2nd period - Shot Misses the Net.
16:51 of 2nd period - Snap shot by Ondrej Palat.
16:51 of 2nd period - Shot Misses the Net.
17:56 of 2nd period - Snap shot by Patric Hornqvist.
17:56 of 2nd period - Shot Misses the Net.
19:12 of 2nd period - Snap shot by Evgeni Malkin.
19:12 of 2nd period - Shot Misses the Net.
19:14 of 2nd period - Slapshot by Slava Voynov.
19:14 of 2nd period - Shot Misses the Net.
19:16 of 2nd period - Snap shot by Jakub Voracek.
19:16 of 2nd period - Shot Misses the Net.
19:41 of 2nd period - Minor Penalty to Gabriel Landeskog for Hooking.
19:42 of 2nd period - Bryan Little wins face-off versus Ryan Nugent-Hopkins in Flyers zone.
19:59 of 2nd period - Slapshot by P.K. Subban.
19:59 of 2nd period - Stopped by Carey Price without a rebound.
Goals for this period are 1 for Flyers vs 1 for Lightning.
Shots for this period are 12 for Flyers vs 6 for Lightning.

3rd period


0:01 of 3rd period - Patric Hornqvist wins face-off versus Bryan Little in neutral zone.
0:28 of 3rd period - Riley Nash is hit by Ryan Nugent-Hopkins and loses puck.
0:49 of 3rd period - Wrist shot by Ondrej Palat.
0:49 of 3rd period - Stopped by Corey Crawford without a rebound.
0:50 of 3rd period - Bryan Little wins face-off versus Brandon Dubinsky in Flyers zone.
1:12 of 3rd period - Minor Penalty to Ryan Strome for Interference.
1:13 of 3rd period - Evgeni Malkin wins face-off versus Ryan Nugent-Hopkins in Lightning zone.
1:41 of 3rd period - Penalty to Gabriel Landeskog is over, Gabriel Landeskog is back on ice.
2:24 of 3rd period - Wrist shot by Bryan Little.
2:24 of 3rd period - Stopped by Carey Price with a rebound.
3:12 of 3rd period - Penalty to Ryan Strome is over, Ryan Strome is back on ice.
4:40 of 3rd period - Wrist shot by Riley Nash.
4:40 of 3rd period - Stopped by Carey Price with a rebound.
5:21 of 3rd period - Icing by Alexander Steen.
5:22 of 3rd period - Ryan Nugent-Hopkins wins face-off versus Jay McClement in Lightning zone.
5:38 of 3rd period - Off-side.
5:39 of 3rd period - Derek MacKenzie wins face-off versus Bryan Little in neutral zone.
5:52 of 3rd period - Wrist shot by Matt Calvert.
5:52 of 3rd period - Stopped by Corey Crawford with a rebound.
6:46 of 3rd period - Dmitry Kulikov is hit by Niklas Kronwall and loses puck.
7:16 of 3rd period - Alex Chiasson is hit by Niklas Kronwall and loses puck.
7:45 of 3rd period - Snap shot by Chris Kreider.
7:45 of 3rd period - Shot Blocked by Brandon Dubinsky.
7:47 of 3rd period - Wrist shot by Barret Jackman.
7:47 of 3rd period - Shot Misses the Net.
8:00 of 3rd period - Icing by Chris Phillips.
8:01 of 3rd period - Evgeni Malkin wins face-off versus Derek MacKenzie in Flyers zone.
8:10 of 3rd period - Derek MacKenzie is hit by Corey Perry and loses puck.
8:23 of 3rd period - Snap shot by Matt Calvert.
8:23 of 3rd period - Shot Misses the Net.
8:49 of 3rd period - P.K. Subban is hit by Patric Hornqvist and loses puck.
9:00 of 3rd period - Snap shot by Alexander Steen.
9:00 of 3rd period - Deflect By Ryan Nugent-Hopkins.
9:00 of 3rd period - Shot Misses the Net.
9:00 of 3rd period - Puck is out of play.
9:01 of 3rd period - Jay McClement wins face-off versus Brandon Dubinsky in Flyers zone.
9:01 of 3rd period - Jay McClement is hit by Tyson Barrie.
9:45 of 3rd period - Minor Penalty to Brent Seabrook for Roughing.
9:46 of 3rd period - Ryan Nugent-Hopkins wins face-off versus Bryan Little in Flyers zone.
10:09 of 3rd period - Snap shot by Ryan Nugent-Hopkins.
10:09 of 3rd period - Stopped by Corey Crawford without a rebound.
10:10 of 3rd period - Bryan Little wins face-off versus Ryan Strome in Flyers zone.
10:19 of 3rd period - Slapshot by P.K. Subban.
10:19 of 3rd period - Shot Blocked by Tyson Barrie.
10:33 of 3rd period - Snap shot by Ryan Strome.
10:33 of 3rd period - Stopped by Corey Crawford without a rebound.
10:34 of 3rd period - Bryan Little wins face-off versus Ryan Nugent-Hopkins in Flyers zone.
11:01 of 3rd period - Bryan Little is hit by Ryan Nugent-Hopkins and loses puck.
11:08 of 3rd period - Snap shot by Patric Hornqvist.
11:08 of 3rd period - Goal by Patric Hornqvist - Flyers : 1 - Lightning : 4.
11:09 of 3rd period - Brandon Dubinsky wins face-off versus Evgeni Malkin in neutral zone.
11:32 of 3rd period - Wrist shot by Jakub Voracek.
11:32 of 3rd period - Stopped by Carey Price with a rebound.
11:34 of 3rd period - Snap shot by P.K. Subban.
11:34 of 3rd period - Shot Misses the Net.
11:58 of 3rd period - Wrist shot by Chris Kreider.
11:58 of 3rd period - Shot Misses the Net.
12:02 of 3rd period - Snap shot by Chris Kreider.
12:02 of 3rd period - Stopped by Carey Price without a rebound.
12:03 of 3rd period - Jay McClement wins face-off versus Ryan Nugent-Hopkins in Lightning zone.
12:06 of 3rd period - Wrist shot by Chris Kreider.
12:06 of 3rd period - Shot Blocked by Tyson Barrie.
12:15 of 3rd period - Minor Penalty to Niklas Kronwall for Tripping.
12:16 of 3rd period - Ryan Nugent-Hopkins wins face-off versus Bryan Little in Flyers zone.
12:54 of 3rd period - Off-side.
12:55 of 3rd period - Bryan Little wins face-off versus Brandon Dubinsky in neutral zone.
13:14 of 3rd period - Minor Penalty to Chris Phillips for Holding Stick.
13:15 of 3rd period - Bryan Little wins face-off versus Ondrej Palat in Flyers zone.
13:35 of 3rd period - Wrist shot by Ryan Strome.
13:35 of 3rd period - Stopped by Corey Crawford with a rebound.
13:37 of 3rd period - Snap shot by Ondrej Palat.
13:37 of 3rd period - Shot Misses the Net.
13:39 of 3rd period - Snap shot by Ondrej Palat.
13:39 of 3rd period - Shot Misses the Net.
13:41 of 3rd period - Backhand shot by Ryan Suter.
13:41 of 3rd period - Shot Misses the Net.
13:43 of 3rd period - Wrist shot by Ondrej Palat.
13:43 of 3rd period - Stopped by Corey Crawford without a rebound.
13:44 of 3rd period - Ryan Nugent-Hopkins wins face-off versus Bryan Little in Flyers zone.
13:57 of 3rd period - Snap shot by Slava Voynov.
13:57 of 3rd period - Stopped by Carey Price without a rebound.
13:58 of 3rd period - Bryan Little wins face-off versus Ryan Nugent-Hopkins in Lightning zone.
14:15 of 3rd period - Penalty to Niklas Kronwall is over, Niklas Kronwall is back on ice.
14:22 of 3rd period - Slava Voynov is hit by Ryan Nugent-Hopkins and loses puck.
15:14 of 3rd period - Penalty to Chris Phillips is over, Chris Phillips is back on ice.
15:26 of 3rd period - Slapshot by P.K. Subban.
15:26 of 3rd period - Stopped by Carey Price without a rebound.
15:27 of 3rd period - Evgeni Malkin wins face-off versus Derek MacKenzie in Lightning zone.
15:46 of 3rd period - Roman Polak is hit by P.K. Subban and loses puck.
15:53 of 3rd period - P.K. Subban is hit by Derek MacKenzie and loses puck.
15:58 of 3rd period - Slapshot by Matt Calvert.
15:58 of 3rd period - Stopped by Corey Crawford without a rebound.
15:59 of 3rd period - Riley Nash wins face-off versus Ryan Nugent-Hopkins in Flyers zone.
17:11 of 3rd period - Wrist shot by Evgeni Malkin.
17:11 of 3rd period - Stopped by Carey Price with a rebound.
17:13 of 3rd period - Slapshot by Justin Faulk.
17:13 of 3rd period - Deflect By Evgeni Malkin.
17:13 of 3rd period - Stopped by Carey Price without a rebound.
17:14 of 3rd period - Brandon Dubinsky wins face-off versus Bryan Little in Lightning zone.
17:29 of 3rd period - Snap shot by Kyle Okposo.
17:29 of 3rd period - Stopped by Carey Price with a rebound.
18:14 of 3rd period - Slapshot by P.K. Subban.
18:14 of 3rd period - Deflect By Ryan Suter.
18:14 of 3rd period - Stopped by Carey Price without a rebound.
18:15 of 3rd period - Derek MacKenzie wins face-off versus Jay McClement in Lightning zone.
18:20 of 3rd period - Wrist shot by Matt Calvert.
18:20 of 3rd period - Shot Misses the Net.
18:32 of 3rd period - Wrist shot by P.K. Subban.
18:32 of 3rd period - Stopped by Carey Price without a rebound.
18:33 of 3rd period - Ryan Nugent-Hopkins wins face-off versus Evgeni Malkin in Lightning zone.
18:33 of 3rd period - Ryan Nugent-Hopkins is hit by Corey Perry.
18:39 of 3rd period - Wrist shot by Evgeni Malkin.
18:39 of 3rd period - Shot Misses the Net.
18:41 of 3rd period - Slapshot by Niklas Kronwall.
18:41 of 3rd period - Stopped by Carey Price with a rebound.
18:59 of 3rd period - Slapshot by Evgeni Malkin.
18:59 of 3rd period - Stopped by Carey Price with a rebound.
19:37 of 3rd period - Wrist shot by Brandon Dubinsky.
19:37 of 3rd period - Shot Blocked by Justin Faulk.
19:39 of 3rd period - Slapshot by Marc Methot.
19:39 of 3rd period - Shot Blocked by Justin Faulk.
Goals for this period are 0 for Flyers vs 1 for Lightning.
Shots for this period are 13 for Flyers vs 8 for Lightning.